 Dungeon Crawl Stone Soup version 0.21.1-1-g345015f (webtiles) character file.

180 tidbits the Grave Robber (level 5, 10/37 HPs)
             Began as a Gnoll Necromancer on June 16, 2018.
             Quit the game on level 6 of the Dungeon.
             The game lasted 00:07:09 (616 turns).

tidbits the Grave Robber (Gnoll Necromancer)         Turns: 616, Time: 00:07:09

Health: 10/37      AC:  0    Str: 10    XL:     5   Next: 60%
Magic:  1/12       EV: 15    Int: 18    God:
Gold:   121        SH:  5    Dex: 16    Spells: 6/14 levels left

rFire    . . .     SeeInvis .   a - +0 short sword
rCold    . . .     Gourm    .   (no shield)
rNeg     . . .     Faith    .   B - +0 robe
rPois    .         Spirit   .   E - +0 helmet
rElec    .         Reflect  +   (no cloak)
rCorr    .         Harm     .   (no gloves)
MR       .....                  (no boots)
Stlth    +++.......             h - +5 amulet of reflection
HPRegen  0.12/turn              (no ring)
MPRegen  0.13/turn              (no ring)

@: mildly poisoned (10 -> 8), corroded
A: distributed training, fangs 1, strong nose
a: no special abilities


You were on level 6 of the Dungeon.
You were not hungry.

You visited 1 branch of the dungeon, and saw 6 of its levels.

You collected 121 gold pieces.

Inventory:

Hand Weapons
 a - a +0 short sword (weapon)
Armour
 B - a +0 robe (worn)
 E - a +0 helmet (worn)
Jewellery
 h - a +5 amulet of reflection (around neck)
   (You found it on level 3 of the Dungeon)
Wands
 j - a wand of random effects (8)
Scrolls
 i - 3 scrolls of identify
 r - 4 scrolls of remove curse
Potions
 d - a potion of curing
 g - a potion of cancellation
Books
 b - a book of Necromancy

   Spells                             Type                      Level
   a - Pain                           Necromancy                   1
   b - Animate Skeleton               Necromancy                   1
   c - Vampiric Draining              Necromancy                   3
   d - Regeneration                   Charms/Necromancy            3
   e - Animate Dead                   Necromancy                   4
   f - Borgnjor's Vile Clutch         Necromancy/Earth             5
Comestibles
 c - 2 rations


   Skills:
 + Level 1.5 Fighting
 + Level 1.5 Short Blades
 + Level 1.5 Long Blades
 + Level 1.5 Axes
 + Level 1.5 Maces & Flails
 + Level 1.5 Polearms
 + Level 1.5 Staves
 + Level 1.5 Slings
 + Level 1.5 Bows
 + Level 1.5 Crossbows
 + Level 1.5 Throwing
 + Level 1.5 Armour
 + Level 4.8 Dodging
 + Level 4.4 Stealth
 + Level 1.5 Shields
 + Level 1.5 Unarmed Combat
 + Level 5.2 Spellcasting
 + Level 1.2 Conjurations
 + Level 1.2 Hexes
 + Level 1.2 Charms
 + Level 1.2 Summonings
 + Level 7.2 Necromancy
 + Level 1.2 Translocations
 + Level 1.2 Transmutations
 + Level 1.2 Fire Magic
 + Level 1.2 Ice Magic
 + Level 1.2 Air Magic
 + Level 1.2 Earth Magic
 + Level 1.2 Poison Magic
 + Level 1.7 Invocations
 + Level 1.5 Evocations


You had 6 spell levels left.
You knew the following spells:

 Your Spells              Type           Power        Failure   Level  Hunger
a - Pain                  Necr           ####         1%          1    None
d - Vampiric Draining     Necr           ####......   1%          3    ##.....
n - Animate Skeleton      Necr           N/A          1%          1    None
r - Regeneration          Chrm/Necr      ###.......   7%          3    ##.....


Dungeon Overview and Level Annotations

Branches:
Dungeon (6/15)
 Temple: D:4-7

Altars:

Annotations:
D:6 Eustachio


Innate Abilities, Weirdness & Mutations

Your experience applies equally to all skills.
You have very sharp teeth.
Your uncanny sense of smell can sniff out nearby items.


Message History

Aiming: Random Effects
Press: ? - help, Shift-Dir - straight line, f - you The fireball explodes!
The fireball engulfs something.
The fireball engulfs you!
You feel sick.
You hear a shout!
You hear an angry hiss.
Something stings you.
Unknown command.
Evoke which item? (* to show all) (? for menu, Esc to quit)
Aiming: Random Effects
Press: ? - help, Shift-Dir - straight line, f - jelly
Aim: a jelly Nothing appears to happen.
Evoke which item? (* to show all) (? for menu, Esc to quit)
Aiming: Random Effects
Press: ? - help, Shift-Dir - straight line, f - jelly
Aim: a jelly Nothing appears to happen.
You feel sick.
Unknown command.
Evoke which item? (* to show all) (? for menu, Esc to quit)
Aiming: Random Effects
Press: ? - help, Shift-Dir - straight line, f - jelly
Aim: a jelly Unknown command.
Casting: Regeneration
Confirm with . or Enter, or press ? or * to list all spells.
Aiming: Vampiric Draining
Press: ? - help, Shift-Dir - straight line, f - you You have reached level 5!
You feel a bit more experienced.
You feel life coursing into your body.
You feel sick.
Casting: Vampiric Draining
Confirm with . or Enter, or press ? or * to list all spells.
Aiming: Pain
Press: ? - help, Shift-Dir - straight line, f - jelly
Aim: a jelly (chance to defeat MR: 89%)
The jelly writhes in agony!
Eustachio mumbles some strange words.
Eustachio blinks!
Casting: Pain
Confirm with . or Enter, or press ? or * to list all spells.
Aiming: Pain
Press: ? - help, Shift-Dir - straight line, f/p - jelly
Aim: a jelly (lightly wounded, chance to defeat MR: 89%)
The jelly writhes in agony!
Casting: Pain
Confirm with . or Enter, or press ? or * to list all spells.
Aiming: Pain
Press: ? - help, Shift-Dir - straight line, f/p - jelly
Aim: a jelly (heavily wounded, chance to defeat MR: 89%)
The jelly writhes in agony!
You hit the jelly. The acid corrodes you!
Your hands burn!
* * * LOW HITPOINT WARNING * * *
The jelly is almost dead.
You feel sick. The jelly misses you.
Unknown command.
Okay, then.
You barely miss the jelly. You bite the jelly, but do no damage.
The jelly is almost dead.
The jelly misses you.
Casting: Pain
Confirm with . or Enter, or press ? or * to list all spells.
Aiming: Pain
Press: ? - help, Shift-Dir - straight line, f/p - jelly
Aim: a jelly (almost dead, chance to defeat MR: 89%)
The jelly writhes in agony!
You kill the jelly!
Casting: Pain
Confirm with . or Enter, or press ? or * to list all spells.
Aiming: Pain
Press: ? - help, Shift-Dir - straight line, f - Eustachio
Aim: Eustachio, wielding a rapier of draining and wearing a leather armour (chance to defeat MR: 84%) Eustachio writhes in agony!
Eustachio gestures wildly while chanting.
Casting: Pain
Confirm with . or Enter, or press ? or * to list all spells.
Aiming: Pain
Press: ? - help, Shift-Dir - straight line, f/p - Eustachio
Aim: Eustachio, wielding a rapier of draining and wearing a leather armour (lightly wounded, chance to defeat MR: 84%) Eustachio writhes in agony!
You feel sick.
The crimson imp sputters.
The crimson imp blinks!
Casting: Pain
Confirm with . or Enter, or press ? or * to list all spells.
Aiming: Pain
Press: ? - help, Shift-Dir - straight line, f/p - Eustachio
Aim: Eustachio, wielding a rapier of draining and wearing a leather armour (moderately wounded, chance to defeat MR: 84%) Eustachio writhes in agony!
Casting: Pain
Confirm with . or Enter, or press ? or * to list all spells.
Aiming: Pain
Press: ? - help, Shift-Dir - straight line, f/p - Eustachio
Aim: Eustachio, wielding a rapier of draining and wearing a leather armour (moderately wounded, chance to defeat MR: 84%) Eustachio writhes in agony!
Eustachio mumbles some strange words.
Eustachio blinks!
Casting: Pain
Confirm with . or Enter, or press ? or * to list all spells.
You can't see any susceptible monsters within range! (Use Z to cast anyway.) Unknown command.
Are you sure you want to abandon this character and quit the game? (Confirm with "yes".)

#.#.# .#
#.#.. ..# ∆
....# #..#
#.#.#....#
###.#.#....#
......>....
####.#55.....
∆
#@..5......@#
#.###.#####.#
#... #...
#..#$#####
#..#.# #..# #
#!.# ...#


You could see an iron imp, a crimson imp and a shadow imp.

Vanquished Creatures
  A scorpion (D:6)
  A jelly (D:6)
  A hound (D:4)
  Robin (D:2)
  3 adders
  A leopard gecko (D:2)
  3 orcs
  5 giant cockroaches
  4 goblins (D:2)
  A hobgoblin (D:2)
  3 kobolds
  A quokka (D:4)
  2 bats (D:1)
  2 frilled lizards
  A leopard gecko skeleton (D:4)
  2 rats
32 creatures vanquished.

Notes
Turn   | Place    | Note
-------+----------+-------------------------------------------
     0 | D:1      | tidbits the Gnoll Necromancer began the quest for the Orb.
     0 | D:1      | Reached XP level 1. HP: 13/13 MP: 6/6
    85 | D:2      | Reached XP level 2. HP: 14/20 MP: 7/7
    87 | D:2      | Reached XP level 3. HP: 18/25 MP: 6/9
   114 | D:2      | Learned a level 3 spell: Regeneration
   117 | D:2      | Learned a level 1 spell: Animate Skeleton
   121 | D:2      | Learned a level 3 spell: Vampiric Draining
   171 | D:2      | Reached skill level 5 in Spellcasting
   255 | D:2      | Noticed Robin
   267 | D:2      | Killed Robin
   267 | D:2      | Reached skill level 1 in Invocations
   278 | D:2      | Reached skill level 1 in Fighting
   278 | D:2      | Reached skill level 1 in Short Blades
   278 | D:2      | Reached skill level 1 in Long Blades
   278 | D:2      | Reached skill level 1 in Axes
   278 | D:2      | Reached skill level 1 in Maces & Flails
   278 | D:2      | Reached skill level 1 in Polearms
   278 | D:2      | Reached skill level 1 in Staves
   278 | D:2      | Reached skill level 1 in Slings
   278 | D:2      | Reached skill level 1 in Bows
   278 | D:2      | Reached skill level 1 in Crossbows
   278 | D:2      | Reached skill level 1 in Throwing
   278 | D:2      | Reached skill level 1 in Armour
   278 | D:2      | Reached skill level 1 in Shields
   278 | D:2      | Reached skill level 1 in Unarmed Combat
   278 | D:2      | Reached skill level 1 in Evocations
   302 | D:2      | Found a faded altar of an unknown god.
   387 | D:4      | Reached XP level 4. HP: 15/32 MP: 1/11
   482 | D:5      | Entered Level 5 of the Dungeon
   521 | D:5      | Reached skill level 1 in Conjurations
   521 | D:5      | Reached skill level 1 in Hexes
   521 | D:5      | Reached skill level 1 in Charms
   521 | D:5      | Reached skill level 1 in Summonings
   521 | D:5      | Reached skill level 1 in Translocations
   521 | D:5      | Reached skill level 1 in Transmutations
   521 | D:5      | Reached skill level 1 in Fire Magic
   521 | D:5      | Reached skill level 1 in Ice Magic
   521 | D:5      | Reached skill level 1 in Air Magic
   521 | D:5      | Reached skill level 1 in Earth Magic
   521 | D:5      | Reached skill level 1 in Poison Magic
   529 | D:5      | Noticed an ice beast
   593 | D:6      | Noticed Eustachio
   605 | D:6      | Reached XP level 5. HP: 18/37 MP: 8/12
   616 | D:6      | Quit the game

Skill      XL: |  1  2  3  4 |
---------------+-------------+-----
Spellcasting   | 5 |  5.2
Invocations    | 1 |  1.7
Fighting       | 1 |  1.5
Short Blades   | 1 |  1.5
Long Blades    | 1 |  1.5
Axes           | 1 |  1.5
Maces & Flails | 1 |  1.5
Polearms       | 1 |  1.5
Staves         | 1 |  1.5
Slings         | 1 |  1.5
Bows           | 1 |  1.5
Crossbows      | 1 |  1.5
Throwing       | 1 |  1.5
Armour         | 1 |  1.5
Shields        | 1 |  1.5
Unarmed Combat | 1 |  1.5
Evocations     | 1 |  1.5
Conjurations   | 1 |  1.2
Hexes          | 1 |  1.2
Charms         | 1 |  1.2
Summonings     | 1 |  1.2
Translocations | 1 |  1.2
Transmutations | 1 |  1.2
Fire Magic     | 1 |  1.2
Ice Magic      | 1 |  1.2
Air Magic      | 1 |  1.2
Earth Magic    | 1 |  1.2
Poison Magic   | 1 |  1.2
Dodging        | |  4.8
Stealth        | |  4.4
Necromancy     | |  7.2

Action                   |  1- 3 |  4- 6 || total
-------------------------+-------+-------++-------
Melee: Unarmed           |     9 |       ||     9
       Short sword       |    21 |    25 ||    46
       Bite              |     3 |     3 ||     6
 Cast: Pain              |    26 |    16 ||    42
       Regeneration      |     3 |     2 ||     5
       Vampiric Draining |       |     2 ||     2
Evoke: Wand              |       |     8 ||     8
  Use: Potion            |     4 |       ||     4
       Scroll            |       |     3 ||     3
 Stab: Sleeping          |     2 |     1 ||     3
Armor: Skin              |    10 |       ||    10
       Robe              |     7 |     8 ||    15
Dodge: Dodged            |    33 |    46 ||    79
Block: Other             |     5 |    15 ||    20

Table legend:
 A = Turns spent in this place as a percentage of turns spent in the entire game.
 B = Non-inter-level travel turns spent in this place as a percentage of non-inter-level travel turns spent in the entire game.
 C = Inter-level travel turns spent in this place as a percentage of turns spent in this place.
 D = Turns resting spent in this place as a percentage of non-inter-level travel turns spent in this place.
 E = Turns spent auto-exploring this place as a percentage of non-inter-level travel turns spent in this place.
 F = Non-inter-level travel turns spent in this place divided by the number of levels of this place that you've seen.
                   A       B       C       D       E      F
               +-------+-------+-------+-------+-------+----------------------
         Total | 100.0 | 100.0 |   0.0 |   0.0 |   0.0 | 102.7
       Dungeon | 100.0 | 100.0 |   0.0 |   0.0 |   0.0 | 102.7
               +-------+-------+-------+-------+-------+----------------------

Table legend:
 A = Kills in this place as a percentage of kills in entire the game.
 B = Kills by you in this place as a percentage of kills by you in the entire game.
 C = Kills by friends in this place as a percentage of kills by friends in the entire game.
 D = Other kills in this place as a percentage of other kills in the entire game.
 E = Experience gained in this place as a percentage of experience gained in the entire game.
 F = Experience gained in this place divided by the number of levels of this place that you have seen.
                   A       B       C       D       E      F
               +-------+-------+-------+-------+-------+----------------------
         Total | 100.0 | 100.0 |   N/A |   N/A | 100.0 |  43.0
       Dungeon | 100.0 | 100.0 |   N/A |   N/A | 100.0 |  43.0
               +-------+-------+-------+-------+-------+----------------------

Vault maps used:
D:1:      erik_arrival_blinker_ship, minmay_bisected
D:2:      marbit_many_paths, chequers_ecumenical_altar_simple_redux, uniq_robin
D:3:      lemuel_round_altar, minmay_misc_feat_encased, uniq_crazy_yiuf_cottage
D:4:      cheibrodos_quashed, tso_oasis_becter
D:5:      cheibrodos_sewer_entry_bend, first_ration
D:6:      moated_statue, uniq_sigmund, uniq_grinder, uniq_eustachio
